Map: Traitor's Exile

Players

LOADBLASTER

  • Race: Terran Terran
  • League: Grandmaster
  • Spawn Location: 12:00

PureLegacy

  • Race: Terran Terran
  • Spawn Location: 9:00

Uzikoti

  • Race: Terran Terran
  • League: Grandmaster
  • Spawn Location: 5:00

Boomzer

  • Race: Zerg Zerg
  • League: Master
  • Spawn Location: 6:00

VOD

Have the link to the VOD?

Description

Time

  • Played on: Nov. 30, 2018, 2:43 p.m.
  • Length: 9:57
Show
View Real Time Build Order
Export as new Build Order

LOADBLASTER Terran 

Build Orders: 1/1/1, Hellion Banshee 

Get SALT Encoding   

  12  0:00  SCV  
  13  0:12  SCV  
  14  0:18  Supply Depot  
  14  0:25  SCV  
  15  0:40  Barracks  
  15  0:42  Refinery  
  15  0:45  SCV  
  16  0:52  Refinery  
  16  0:58  SCV  
  17  1:10  SCV  
  18  1:22  SCV  
  19  1:30  Factory  
  19  1:40  Barracks Reactor  
  19  1:44  Orbital Command  
  18  1:54  Supply Depot  
  19  2:20  Starport  
  20  2:23  Hellion x2  
  20  2:26  Barracks Tech Lab  
  22  2:30  SCV  
  25  2:44  Hellion x2  
  27  3:00  Supply Depot  
  27  3:02  Banshee  
  30  3:22  Hellion  
  32  3:27  Command Center  
  32  3:31  Hellion  
  34  3:39  SCV  
  35  3:43  Hellion  
  35  3:47  Supply Depot  
  37  3:52  Hellion  
  39  4:08  Banshee  
  40  4:11  Hellion, SCV  
  38  4:29  SCV  
  41  4:31  Hellion  
  41  4:41  SCV, Orbital Command  
  42  4:51  Viking  
  44  4:53  SCV  
  45  5:02  Hellion x2  
  45  5:05  SCV  
  50  5:08  SCV  
  50  5:12  Supply Depot  
  51  5:17  SCV  
  51  5:20  SCV  
  53  5:23  Hellion  
  55  5:29  SCV  
  55  5:31  Hellion  
  55  5:32  SCV  
  59  5:41  SCV  
  60  5:44  Hellion  
  60  5:45  SCV  
  60  5:50  Command Center  
  60  5:53  SCV  
  60  5:54  Hellion  
  62  6:01  SCV  
  52  6:06  Hellion  
  52  6:08  SCV  
  55  6:11  Barracks Reactor  
  55  6:18  SCV  
  55  6:20  SCV  
  56  6:27  Hellion  
  56  6:32  SCV  
  58  6:39  SCV  
  57  6:40  Factory  
  57  6:45  SCV  
  30  7:06  Orbital Command  
  3  7:10  SCV  
  3  7:11  Hellion  
  3  7:42  SCV  
  4  7:54  SCV  
  5  8:02  SCV  
  6  8:12  SCV  
  2  8:45  Orbital Command  
  2  9:04  Orbital Command  
  2  9:16  SCV  
  3  9:28  SCV  
  4  9:33  SCV  
  5  9:41  SCV  
Show
View Real Time Build Order
Export as new Build Order

PureLegacy Terran 

Build Orders:  

Get SALT Encoding   

  12  0:01  SCV  
  13  0:13  SCV  
  14  0:18  Supply Depot  
  14  0:25  SCV  
  15  0:30  Refinery  
  15  0:39  SCV  
  16  0:46  Barracks  
  16  0:51  SCV  
  17  1:06  Barracks  
  17  1:18  Barracks  
  17  1:21  SCV  
  18  1:39  Reaper  
  19  1:41  Orbital Command  
  19  1:51  Refinery  
  19  1:57  Reaper  
  20  2:03  Supply Depot  
  20  2:05  Reaper  
  21  2:14  Reaper  
  22  2:23  SCV  
  22  2:29  Reaper  
  24  2:38  Reaper  
  25  2:46  Supply Depot, Reaper, SCV  
  27  2:58  SCV  
  27  3:01  Reaper  
  29  3:10  Reaper  
  30  3:18  Reaper, Command Center  
  31  3:20  SCV  
  32  3:33  Reaper  
  33  3:44  Reaper  
  34  3:57  Reaper  
  34  4:00  SCV  
  34  4:01  Barracks x2  
  36  4:03  Supply Depot  
  36  4:11  Reaper  
  36  4:13  SCV  
  35  4:29  SCV  
  36  4:36  Barracks Tech Lab  
  35  4:40  Factory, Barracks Reactor  
  35  4:41  SCV  
  36  4:53  Marine x3  
  36  4:55  Marine, Stimpack  
  36  4:57  Orbital Command  
  41  5:00  SCV  
  41  5:11  Marine  
  41  5:12  SCV  
  43  5:21  Marine x5  
  45  5:23  SCV  
  45  5:24  SCV  
  45  5:31  Marine  
  45  5:33  Starport  
  45  5:35  Factory Reactor  
  41  5:38  Marine  
  41  5:39  Marine  
  41  5:40  Marine x3  
  46  5:46  SCV x2  
  48  5:52  Marine  
  48  5:56  Marine x2  
  51  5:57  Marine  
  51  5:58  SCV  
  51  5:59  Marine x2  
  51  6:03  SCV  
  56  6:05  Supply Depot  
  56  6:06  Orbital Command  
  56  6:08  Supply Depot  
  56  6:17  Marine x3  
  58  6:31  SCV  
  59  6:34  Medivac x2  
  59  6:39  SCV  
  64  6:41  Marine x2  
  67  6:48  Engineering Bay  
  67  6:50  Engineering Bay  
  67  6:56  Combat Shield  
  67  6:57  Barracks Reactor  
  67  6:58  Barracks Reactor x2  
  67  7:00  Supply Depot  
  66  7:04  SCV x2  
  50  7:17  Marine x3  
  50  7:20  Medivac  
  50  7:21  Medivac  
  50  7:24  SCV  
  50  7:25  SCV  
  52  7:35  Marine x3  
  52  7:36  Refinery, Marine x3  
  52  7:37  Marine x3  
  58  7:39  Refinery  
  60  7:48  Orbital Command  
  44  7:53  Marine x3  
  44  7:54  Marine x4  
  44  7:55  Marine x2  
  52  8:11  Marine x3  
  52  8:12  Marine x2  
  57  8:14  Marine  
  57  8:17  Marine  
  59  8:20  Marine  
  60  8:33  Marine x4  
  63  8:43  Orbital Command  
  63  8:47  Marine x4  
  63  8:48  Marine  
  53  8:55  Marine x2  
  53  8:56  Marine  
  53  8:57  Marine  
  57  9:05  Marine x2  
  57  9:08  Marine x2  
  57  9:09  Marine  
  62  9:14  Marine x2  
  64  9:28  Marine x4  
  64  9:29  Marine  
Show
View Real Time Build Order
Export as new Build Order

Uzikoti Terran 

Build Orders: Gas First Reaper Expand, Hellion Opening 

Get SALT Encoding   

  12  0:00  SCV  
  13  0:12  SCV  
  14  0:18  Supply Depot  
  14  0:25  SCV  
  15  0:30  Refinery  
  15  0:40  SCV  
  16  0:45  Barracks  
  16  0:52  SCV  
  17  1:04  SCV  
  18  1:16  SCV  
  19  1:32  Orbital Command  
  19  1:33  Reaper  
  20  1:45  Command Center  
  20  1:56  Factory  
  20  1:58  SCV  
  21  2:09  Barracks Reactor  
  21  2:10  Supply Depot  
  21  2:17  SCV  
  21  2:19  Refinery  
  22  2:29  SCV  
  23  2:41  SCV  
  24  2:44  Starport  
  24  2:53  Hellion x2, SCV  
  29  3:00  Orbital Command  
  30  3:05  SCV  
  30  3:17  Hellion  
  30  3:18  Hellion, SCV  
  35  3:26  Viking  
  37  3:33  SCV x2  
  39  3:39  Hellion  
  39  3:40  Hellion  
  43  3:45  SCV  
  43  3:48  Supply Depot  
  44  4:00  Viking  
  46  4:09  Hellion  
  45  4:10  Hellion  
  45  4:30  Viking  
  45  4:31  Hellion x2  
  51  4:37  Barracks Reactor  
  51  4:38  SCV x2  
  53  4:41  Factory  
  53  4:52  Hellion x2  
  57  4:53  SCV x2  
  59  5:05  SCV  
  60  5:14  Hellion  
  50  5:22  Viking x2  
  54  5:32  Factory Tech Lab  
  54  5:41  Supply Depot  
  54  5:43  SCV x2  
  54  6:03  Hellion x2  
  58  6:05  Siege Tank  
  61  6:13  SCV  
  61  6:18  Viking, SCV  
  65  6:25  Hellion x2  
  69  6:31  SCV  
  70  6:59  Hellion  
  70  7:10  Viking  
  70  7:11  Viking, Hellion, SCV x2, Siege Tank  
  69  7:20  Supply Depot  
  63  7:23  SCV x2  
  63  7:29  Supply Depot  
  65  7:35  SCV  
  65  7:36  SCV  
  67  7:38  Hellion x2  
  67  7:43  Siege Tank  
  74  7:47  SCV  
  74  7:50  Supply Depot  
  75  7:55  Viking x2  
  79  8:00  SCV x2  
  81  8:07  Hellion x2  
  81  8:11  Supply Depot  
  85  8:18  SCV x2, Siege Tank  
  90  8:20  Refinery  
  90  8:21  Refinery  
  90  8:29  Hellion x2  
  84  8:44  Viking x2  
  84  8:45  SCV x2  
  84  8:50  Siege Tank  
  87  8:59  Hellion  
  87  9:00  Hellion  
  91  9:11  SCV  
  92  9:22  Hellion x2, Siege Tank  
  99  9:24  Supply Depot x2  
Show
View Real Time Build Order
Export as new Build Order

Boomzer Zerg 

Build Orders: Pool First 

Get SALT Encoding   

  12  0:00  Drone  
  13  0:10  Drone  
  14  0:19  Drone, Extractor  
  14  0:33  Spawning Pool  
  13  0:36  Drone  
  14  0:44  Overlord  
  14  0:52  Extractor  
  14  0:53  Drone  
  15  1:05  Drone  
  16  1:20  Zergling x6  
  16  1:23  Metabolic Boost  
  19  1:31  Zergling x2  
  20  1:33  Queen  
  22  1:55  Hatchery  
  22  2:01  Overlord  
  21  2:07  Drone  
  22  2:20  Zergling x4  
  24  2:29  Zergling x2  
  24  2:38  Zergling x2  
  25  2:49  Zergling x2  
  25  2:51  Queen  
  26  2:53  Overlord  
  28  3:00  Zergling x2  
  28  3:16  Zergling x4  
  30  3:20  Zergling x6  
  30  3:24  Spore Crawler  
  32  3:29  Overlord  
  32  3:30  Zergling x6  
  35  3:41  Zergling x4  
  36  4:01  Spore Crawler  
  30  4:11  Zergling x6  
  30  4:12  Zergling x10  
  33  4:25  Zergling x10  
  37  4:36  Zergling x4  
  39  4:48  Zergling x4  
  39  4:52  Queen  
  40  4:59  Drone x2  
  42  5:02  Zergling x2  
  43  5:08  Zergling x2  
  42  5:31  Drone  
  42  5:32  Drone x5  
  42  5:33  Drone  
  49  5:36  Drone  
  49  5:42  Overlord  
  50  5:47  Drone  
  51  6:02  Overlord  
  51  6:03  Zergling x2  
  51  6:04  Zergling x4  
  54  6:06  Drone  
  54  6:07  Drone x2  
  52  6:25  Zergling x2  
  52  6:26  Zergling x8  
  57  6:33  Drone  
  57  6:35  Extractor  
  57  6:37  Drone x4, Extractor  
  57  6:38  Drone  
  56  6:40  Drone x3  
  50  7:08  Zergling x10  
  47  7:09  Zergling x10  
  51  7:18  Zergling x2  
  51  7:19  Zergling x2  
  53  7:28  Zergling x4  
  55  7:32  Hatchery  
  55  7:34  Drone x3  
  57  7:46  Zergling x4  
  57  7:47  Zergling x6  
  62  7:53  Extractor  
  62  7:54  Zergling x4  
  63  8:01  Overlord  
  63  8:04  Lair  
  63  8:06  Baneling Nest  
  63  8:10  Overlord  
  63  8:11  Overlord  
  63  8:12  Drone x2  
  64  8:16  Drone  
  65  8:21  Zergling x4  
  65  8:22  Zergling x2  
  65  8:25  Zergling x2  
  68  8:33  Zergling x2  
  68  8:34  Zergling x6  
  72  8:38  Zergling x2  
  69  8:48  Queen  
  69  8:49  Drone x3  
  69  8:52  Baneling x15  
  69  8:53  Baneling x3  
  74  8:57  Zergling x4  
  74  9:02  Queen  
  78  9:15  Zergling x14  
  76  9:27  Drone x6  
  82  9:41  Baneling  
  82  9:42  Baneling x7  
Tags
 
Add a new tag
Caveats
  • Supply blocks, unpowered buildings, or Contaminate may cause inaccurate times.
  • Supply counts are checked every 10 seconds.